 Dungeon Crawl Stone Soup version 0.19.0-2-gae57169 (webtiles) character file.

71 Firecrotchwizard the Shield-Bearer (level 4, -6/40 HPs)
             Began as a Minotaur Fighter on Nov 4, 2016.
             Mangled by Sigmund
             ... wielding a +0 scythe
              (7 damage)
             ... on level 2 of the Dungeon.
             The game lasted 00:03:36 (1246 turns).

Firecrotchwizard the Shield-Bearer (MiFi)           Turns: 1246, Time: 00:03:36

Health: -6/40      AC:  7    Str: 20    XL:     4   Next: 5%
Magic:  3/3        EV:  7    Int:  5    God:
Gold:   61         SH:  0    Dex: 11    Spells: 0 memorised, 3 levels left

rFire  . . .     SeeInvis .     a - +0 flail
rCold  . . .     Gourm    .     b - +0 scale mail
rNeg   . . .     Faith    .     c - +0 shield
rPois  .         Spirit   .     (helmet restricted)
rElec  .         Reflect  .     (no cloak)
rCorr  .         Harm     .     (no gloves)
MR     .....                    (no boots)
Stlth  ..........               (no amulet)
                                (no ring)
                                (no ring)

@: confused
A: retaliatory headbutt, horns 2
a: no special abilities


You were on level 2 of the Dungeon.
You were not hungry.

You visited 1 branch of the dungeon, and saw 3 of its levels.

You collected 61 gold pieces.

Inventory:

Hand Weapons
 a - a +0 flail (weapon)
Armour
 b - a +0 scale mail (worn)
 c - a +0 shield (worn)
Scrolls
 e - 2 scrolls of enchant armour {unknown}
 l - a scroll of identify {unknown}
 o - a scroll of remove curse {unknown}
 r - a scroll of teleportation {unknown}
Potions
 d - 2 potions of might
 g - a potion of degeneration {unknown}
 h - a potion of curing {unknown}
 i - a potion of flight {unknown}
 k - a potion of heal wounds {unknown}
 p - a potion of agility {unknown}
Comestibles
 f - 3 bread rations
 j - a royal jelly
 m - a meat ration
 n - a beef jerky
 q - a chunk of flesh


   Skills:
 * Level 4.2 Fighting
 * Level 3.5 Maces & Flails
 + Level 3.9 Armour
 + Level 0.4 Dodging
 + Level 4.4 Shields


You had 3 spell levels left.
You didn't know any spells.

Dungeon Overview and Level Annotations

Branches:
Dungeon (3/15)

Altars:

Annotations:
D:2 Sigmund


Innate Abilities, Weirdness & Mutations

You reflexively headbutt those who attack you in melee.
You have a pair of horns on your head.


Message History

You barely miss Sigmund. You headbutt Sigmund, but do no damage.
Sigmund hits you with a scythe!
* * * LOW HITPOINT WARNING * * *
The frilled lizard bites you but does no damage.
You sock Sigmund! You headbutt Sigmund.
Sigmund is heavily wounded.
You block the frilled lizard's attack.
Sigmund points at you and mumbles some strange words.
You are confused.
The frilled lizard bites you but does no damage.
Sigmund zaps a wand.
Sigmund is healed somewhat.
It is a wand of heal wounds.
Sigmund casts a spell at you. The magic dart hits you!
* * * LOW HITPOINT WARNING * * *
You closely miss the frilled lizard. The frilled lizard barely misses you.
Sigmund barely misses you. The frilled lizard closely misses you.
You bump into the rock wall.
Sigmund hits you from afar with a scythe!
You die...

#........##...........##..##.
#........##.......##.........
#........##.......##.......##
###########..................
#..................
##................. ####
###............(..
#..######..#...).......#
##.....@..............##
#######..####l............###
#..........##@..####.###.....
#...............#....# ###...
#.......<..#......#### ##...
#####..........#### #....
#####.>..####...#..#########....
.#.....#### #.....).÷...........
......########..#....÷......#....


You could see Sigmund and a frilled lizard.

Vanquished Creatures
  An adder (D:3)
  3 worms (D:2)
  2 leopard geckos
  6 bats
  3 giant cockroaches (D:1)
  6 goblins
  7 hobgoblins
  4 jackals (D:1)
  4 kobolds
  2 quokkas
  A ball python (D:2)
  2 frilled lizards
  9 rats
50 creatures vanquished.

Notes
Turn   | Place    | Note
-------+----------+-------------------------------------------
     0 | D:1      | Firecrotchwizard the Minotaur Fighter began the quest for the Orb.
     0 | D:1      | Reached XP level 1. HP: 19/19 MP: 0/0
   197 | D:1      | Reached XP level 2. HP: 27/27 MP: 1/1
   483 | D:1      | Reached XP level 3. HP: 33/33 MP: 2/2
   888 | D:2      | Noticed Sigmund
  1143 | D:2      | You fall through a shaft!
  1195 | D:3      | Reached XP level 4. HP: 40/40 MP: 3/3
  1242 | D:2      | HP: 1/40 [Sigmund/magic dart (7)]
  1246 | D:2      | Mangled by Sigmund

Skill      XL: |  1  2  3 |
---------------+----------+-----
Fighting       | 4 |  4.2
Shields        | 4 |  4.4
Maces & Flails | 3 |  3.5
Armour         | |  3.9
Dodging        | |  0.4

Action                   |  1- 3 |  4- 6 || total
-------------------------+-------+-------++-------
Melee: Flail             |   137 |    11 ||   148
       Headbutt          |    26 |     2 ||    28
  Eat: Chunk             |     1 |       ||     1
Armor: Scale mail        |    66 |     7 ||    73
Dodge: Dodged            |    49 |     4 ||    53
Block: Shield            |    75 |    10 ||    85
